BSA
SEATTLE PIKES @ SPRINGFIELD STARS
06/10/2026
 
TOP OF THE 1ST
Seattle Pikes batting - Pitching for Springfield Stars : LHP Brock Morris
Pitching: LHP Brock Morris
Batting: RHB Randy Sheppard 0-0: Ball
1-0: Ball
2-0: SINGLE (Line Drive, 7S)
Batting: RHB Wallace Greene 0-0: Ball
1-0: Swinging Strike
1-1: Called Strike
1-2: Foul Ball, location: 2F
1-2: Strikes out swinging
Batting: RHB António Ortega 0-0: Ball
1-0: Ball
2-0: Ball
3-0: Called Strike
3-1: Foul Ball, location: 2F
3-2: Foul Ball, location: 2F
3-2: Base on Balls
Randy Sheppard to second
Batting: RHB Alfredo Rivera 0-0: Called Strike
0-1: Fielders Choice at 2nd, 4-6 (Groundball, 4)
Randy Sheppard to third
Batting: RHB Manuel Rico 0-0: Ball
1-0: Ball
2-0: Ball
3-0: Called Strike
3-1: Base on Balls
Alfredo Rivera to second
Batting: LHB Chad Weaver 0-0: Called Strike
0-1: Ball
1-1: Swinging Strike
1-2: SINGLE (Line Drive, 78S)
Randy Sheppard scores
Alfredo Rivera to third
Manuel Rico to second
Runner from 3rd tries for Home, throw and OUT!
Top of the 1st over - 1 run(s), 2 hit(s), 0 error(s), 2 left on base; Seattle 1 - Springfield 0
BOTTOM OF THE 1ST
Springfield Stars batting - Pitching for Seattle Pikes : RHP Jesús Suárez
Pitching: RHP Jesús Suárez
Batting: RHB Juan Rodríguez 0-0: SINGLE (Groundball, 6MD)
Batting: RHB Calvin Bennett 0-0: Ball
1-0: SINGLE (Groundball, 34D)
Juan Rodríguez to second
Runner from 2nd tries for 3rd, SAFE, throw made to third
Batting: LHB Derek Davidson 0-0: Called Strike
0-1: Ball
1-1: Called Strike
1-2: Ball
2-2: Ball
3-2: Fly out, F9 (Flyball, 89M)
Batting: LHB Felipe Guerrero 0-0: Ball
1-0: Foul Ball, location: 2F
1-1: Ball
2-1: Called Strike
2-2: Ball
3-2: Foul Ball, location: 2F
3-2: Foul Ball, location: 2F
3-2: Ground out 6-3 (Groundball, 6)
Juan Rodríguez scores
Calvin Bennett to second
Batting: LHB Elliott Newell 0-0: Swinging Strike
0-1: Ball
1-1: SINGLE (Groundball, 4MD) (infield hit)
Calvin Bennett to third
Batting: RHB Juan Carlos Rodríguez 0-0: Foul Ball, location: 2F
0-1: Fly out, F8 (Flyball, 8LXD)
Bottom of the 1st over - 1 run(s), 3 hit(s), 0 error(s), 2 left on base; Seattle 1 - Springfield 1
TOP OF THE 2ND
Seattle Pikes batting - Pitching for Springfield Stars : LHP Brock Morris
Batting: RHB Iván Gonzáles 0-0: Ball
1-0: Foul Ball, location: 2F
1-1: Called Strike
1-2: Foul Ball, location: 2F
1-2: SINGLE (Line Drive, 78S)
Batting: SHB António Hernández 0-0: SINGLE (Line Drive, 4D)
Iván Gonzáles to second
Batting: LHB Keith Tillman 0-0: Ball
1-0: Ball
2-0: Called Strike
2-1: SINGLE (Groundball, 4MD)
Iván Gonzáles to third
António Hernández to second
Runner from 3rd tries for Home, SAFE, throw made home
António Hernández to third
Keith Tillman to second
Batting: RHB Randy Sheppard 0-0: Ball
1-0: Fly out, F9 (Line Drive, 9S)
Batting: RHB Wallace Greene 0-0: Ball
1-0: Foul Ball, location: 2F
1-1: Foul Ball, location: 2F
1-2: Ball
2-2: SINGLE (Line Drive, 9S)
António Hernández scores
Keith Tillman to third
Runner from 3rd tries for Home, SAFE, no throw or cutoff
Batting: RHB António Ortega 0-0: Ball
1-0: Swinging Strike
1-1: Swinging Strike
1-2: Ball
2-2: Strikes out swinging
Batting: RHB Alfredo Rivera 0-0: Ball
1-0: Ball
2-0: Called Strike
2-1: SINGLE (Line Drive, 34)
Wallace Greene to second
Runner from 2nd tries for 3rd, SAFE, no throw or cutoff
Batting: RHB Manuel Rico 0-0: Ball
1-0: Called Strike
1-1: Ball
2-1: Ball
3-1: Base on Balls
Alfredo Rivera to second
Batting: LHB Chad Weaver 0-0: Ball
1-0: Fly out, F8 (Flyball, 8RD)
Top of the 2nd over - 3 run(s), 5 hit(s), 0 error(s), 3 left on base; Seattle 4 - Springfield 1
BOTTOM OF THE 2ND
Springfield Stars batting - Pitching for Seattle Pikes : RHP Jesús Suárez
Batting: SHB Shane Hutchinson 0-0: Ground out 1-3 (Groundball, 13S)
Batting: RHB Will Sterling 0-0: Called Strike
0-1: Called Strike
0-2: Foul Ball, location: 2F
0-2: Fly out, F7 (Flyball, 7LM)
Batting: LHB Jesús Tobías 0-0: Ball
1-0: SINGLE (Line Drive, 9LM)
Batting: RHB Juan Rodríguez 0-0: Foul Ball, location: 2F
0-1: Fielders Choice at 2nd, 6-4 (Groundball, 6)
Bottom of the 2nd over - 0 run(s), 1 hit(s), 0 error(s), 0 left on base; Seattle 4 - Springfield 1
TOP OF THE 3RD
Seattle Pikes batting - Pitching for Springfield Stars : LHP Brock Morris
Batting: RHB Iván Gonzáles 0-0: Ball
1-0: Foul Ball, location: 2F
1-1: Swinging Strike
1-2: Foul Ball, location: 2F
1-2: Ball
2-2: Fly out, F2 (Popup, 2L)
Batting: SHB António Hernández 0-0: Foul Ball, location: 2F
0-1: Foul Ball, location: 2F
0-2: Fly out, F7 (Line Drive, 7M)
Batting: LHB Keith Tillman 0-0: Ball
1-0: Fly out, F7 (Flyball, 7M)
Top of the 3rd over - 0 run(s), 0 hit(s), 0 error(s), 0 left on base; Seattle 4 - Springfield 1
BOTTOM OF THE 3RD
Springfield Stars batting - Pitching for Seattle Pikes : RHP Jesús Suárez
Batting: RHB Calvin Bennett 0-0: Called Strike
0-1: Called Strike
0-2: Ball
1-2: Ball
2-2: Foul Ball, location: 2F
2-2: SINGLE (Line Drive, 7LS)
Batting: LHB Derek Davidson 0-0: Ball
1-0: Swinging Strike
1-1: Ball
2-1: Ball
3-1: SINGLE (Groundball, 34D)
Calvin Bennett to second
Runner from 2nd tries for 3rd, SAFE, no throw or cutoff
Batting: LHB Felipe Guerrero 0-0: Called Strike
0-1: Foul Ball, location: 2F
0-2: Ball
1-2: DOUBLE (Line Drive, 5D)
Calvin Bennett scores
Derek Davidson to third
Runner from 3rd tries for Home, SAFE, no throw or cutoff
Batting: LHB Elliott Newell 0-0: Ball
1-0: Ball
2-0: Swinging Strike
2-1: Swinging Strike
2-2: Ball
3-2: Base on Balls
Batting: RHB Juan Carlos Rodríguez 0-0: Foul Ball, location: 2F
0-1: DOUBLE (Flyball, 78XD)
Felipe Guerrero scores
Elliott Newell to third
Batting: SHB Shane Hutchinson 0-0: Ball
1-0: Ball
2-0: Called Strike
2-1: Ball
3-1: Base on Balls
Batting: RHB Will Sterling 0-0: Ball
1-0: Ball
2-0: Ball
3-0: Called Strike
3-1: Grounds into double play, 6-4-3 (Groundball, 6)
Elliott Newell scores
Juan Carlos Rodríguez to third
Batting: LHB Jesús Tobías 0-0: Called Strike
0-1: Ball
1-1: Ball
2-1: Ball
3-1: SINGLE (Groundball, 34D)
Juan Carlos Rodríguez scores
Batting: RHB Juan Rodríguez 0-0: Ball
1-0: Called Strike
1-1: Ball
2-1: Ball
3-1: Called Strike
3-2: Base on Balls
Jesús Tobías to second
Batting: RHB Calvin Bennett 0-0: Called Strike
0-1: Ball
1-1: Ball
2-1: Foul Ball, location: 2F
2-2: SINGLE (Groundball, 5L)
Jesús Tobías to third
Juan Rodríguez to second
Runner from 3rd tries for Home, SAFE, no throw or cutoff
Batting: LHB Derek Davidson 0-0: Called Strike
0-1: Ball
1-1: SINGLE (Groundball, 34D)
Juan Rodríguez to third
Calvin Bennett to second
Runner from 3rd tries for Home, SAFE, no throw or cutoff
Pitching: RHP Orlando Ojeda
Batting: LHB Felipe Guerrero 0-0: Called Strike
0-1: Foul Ball, location: 2F
0-2: Ball
1-2: Ball
2-2: Strikes out swinging
Bottom of the 3rd over - 7 run(s), 7 hit(s), 0 error(s), 2 left on base; Seattle 4 - Springfield 8
TOP OF THE 4TH
Seattle Pikes batting - Pitching for Springfield Stars : LHP Brock Morris
Batting: RHB Randy Sheppard 0-0: Ball
1-0: Ground out 5-3 (Groundball, 5)
Batting: RHB Wallace Greene 0-0: Called Strike
0-1: Ball
1-1: SINGLE (Flyball, 9S)
Batting: RHB António Ortega 0-0: Foul Ball, location: 2F
0-1: Called Strike
0-2: Foul Ball, location: 2F
0-2: Ball
1-2: SINGLE (Groundball, 4MD)
Wallace Greene to second
Batting: RHB Alfredo Rivera 0-0: Called Strike
0-1: Ball
1-1: Ball
2-1: Ball
3-1: Fly out, F3 (Popup, 3S)
Batting: RHB Manuel Rico 0-0: Ground out 6-3 (Groundball, 6)
Top of the 4th over - 0 run(s), 2 hit(s), 0 error(s), 2 left on base; Seattle 4 - Springfield 8
BOTTOM OF THE 4TH
Springfield Stars batting - Pitching for Seattle Pikes : RHP Orlando Ojeda
Batting: LHB Elliott Newell 0-0: Ball
1-0: Ball
2-0: Ball
3-0: Called Strike
3-1: Called Strike
3-2: Base on Balls
Batting: RHB Juan Carlos Rodríguez 0-0: Ball
1-0: Fly out, F5 (Line Drive, 5)
Batting: SHB Shane Hutchinson 0-0: Called Strike
0-1: Foul Ball, location: 2F
0-2: Ball
1-2: Strikes out looking
Batting: RHB Will Sterling 0-0: Ball
1-0: Foul Ball, location: 2F
1-1: Fielders Choice at 2nd, 6-4 (Groundball, 6)
Bottom of the 4th over - 0 run(s), 0 hit(s), 0 error(s), 0 left on base; Seattle 4 - Springfield 8
TOP OF THE 5TH
Seattle Pikes batting - Pitching for Springfield Stars : LHP Brock Morris
Batting: LHB Chad Weaver 0-0: Swinging Strike
0-1: Called Strike
0-2: Ball
1-2: Ball
2-2: Ground out 4-3 (Groundball, 34)
Pitching: LHP Enrique Muńóz
Batting: RHB Iván Gonzáles 0-0: Called Strike
0-1: Ball
1-1: Ground out 1-3 (Groundball, 13)
Batting: SHB António Hernández 0-0: Ball
1-0: Foul Ball, location: 2F
1-1: Ball
2-1: Foul Ball, location: 2F
2-2: Foul Ball, location: 2F
2-2: Ball
3-2: Strikes out swinging
Top of the 5th over - 0 run(s), 0 hit(s), 0 error(s), 0 left on base; Seattle 4 - Springfield 8
BOTTOM OF THE 5TH
Springfield Stars batting - Pitching for Seattle Pikes : RHP Orlando Ojeda
Batting: LHB Jesús Tobías 0-0: Ball
1-0: Ball
2-0: Ball
3-0: Called Strike
3-1: SINGLE (Line Drive, 34D)
Batting: RHB Juan Rodríguez 0-0: Ball
Wild Pitch!
Jesús Tobías to second
1-0: Ground out 5-3 (Groundball, 5)
Batting: RHB Calvin Bennett 0-0: Ball
1-0: Swinging Strike
1-1: Foul Ball, location: 2F
1-2: Ball
2-2: Ball
3-2: Strikes out swinging
Pitching: RHP José Salinas
Batting: LHB Derek Davidson 0-0: Ground out U3 (Groundball, 3S)
Bottom of the 5th over - 0 run(s), 1 hit(s), 0 error(s), 1 left on base; Seattle 4 - Springfield 8
TOP OF THE 6TH
Seattle Pikes batting - Pitching for Springfield Stars : LHP Enrique Muńóz
Batting: LHB Keith Tillman 0-0: Called Strike
0-1: SINGLE (Line Drive, 56D)
Batting: RHB Randy Sheppard 0-0: Ball
Keith Tillman steals 2nd base
1-0: Foul Ball, location: 2F
1-1: Ball
2-1: Ball
3-1: Base on Balls
Batting: RHB Wallace Greene 0-0: Ball
1-0: SINGLE (Line Drive, 78M)
Keith Tillman to third
Randy Sheppard to second
Batting: RHB António Ortega 0-0: Ball
1-0: DOUBLE (Line Drive, 56D)
Keith Tillman scores
Randy Sheppard scores
Wallace Greene to third
Pitching: RHP Larry Jackson
Batting: RHB Alfredo Rivera 0-0: SINGLE (Line Drive, 7LS)
Wallace Greene scores
António Ortega to third
Runner from 3rd tries for Home, SAFE, throw made home
Pitching: RHP Jorge Delgado
Batting: RHB Manuel Rico 0-0: Ball
1-0: Ball
2-0: Fly out, F8 (Flyball, 8RM)
Batting: LHB Chad Weaver 0-0: Ball
1-0: Called Strike
1-1: Foul Ball, location: 2F
1-2: Ball
2-2: Foul Ball, location: 2F
2-2: Ball
3-2: Foul Ball, location: 2F
3-2: Fly out, F8 (Flyball, 8RD)
Batting: RHB Iván Gonzáles 0-0: Ball
1-0: Called Strike
1-1: Foul Ball, location: 2F
1-2: Foul Ball, location: 2F
1-2: SINGLE (Line Drive, 56D)
Alfredo Rivera to second
Batting: SHB António Hernández 0-0: Swinging Strike
0-1: Ball
1-1: Foul Ball, location: 2F
1-2: Ball
2-2: Strikes out swinging
Top of the 6th over - 4 run(s), 5 hit(s), 0 error(s), 2 left on base; Seattle 8 - Springfield 8
BOTTOM OF THE 6TH
Springfield Stars batting - Pitching for Seattle Pikes : RHP José Salinas
Batting: LHB Felipe Guerrero 0-0: SINGLE (Line Drive, 89M)
Batting: LHB Elliott Newell 0-0: Ball
1-0: Foul Ball, location: 2F
1-1: Foul Ball, location: 2F
1-2: Ball
2-2: Foul Ball, location: 2F
2-2: Ball
3-2: Strikes out swinging
Felipe Guerrero steals 2nd base
Batter strikes out.
Batting: RHB Juan Carlos Rodríguez 0-0: Fly out, F9 (Flyball, 9D)
Runner from 2nd tags up, SAFE at 3rd, no throw
Batting: SHB Shane Hutchinson 0-0: Ball
1-0: Foul Ball, location: 2F
1-1: Fly out, F7 (Flyball, 78M)
Bottom of the 6th over - 0 run(s), 1 hit(s), 0 error(s), 1 left on base; Seattle 8 - Springfield 8
TOP OF THE 7TH
Seattle Pikes batting - Pitching for Springfield Stars : RHP Jorge Delgado
Batting: LHB Keith Tillman 0-0: Called Strike
0-1: Ground out 3-1 (Groundball, 34S)
Batting: RHB Randy Sheppard 0-0: Ground out 5-3 (Groundball, 56)
Batting: RHB Wallace Greene 0-0: Called Strike
0-1: Ground out U3 (Groundball, 3S)
Top of the 7th over - 0 run(s), 0 hit(s), 0 error(s), 0 left on base; Seattle 8 - Springfield 8
BOTTOM OF THE 7TH
Springfield Stars batting - Pitching for Seattle Pikes : RHP José Salinas
Batting: RHB Will Sterling 0-0: Called Strike
0-1: SINGLE (Line Drive, 8RS)
Pitching: LHP António Alvarado
Pinch Hitting: SHB Martín Medina 0-0: Called Strike
0-1: Called Strike
0-2: Fielders Choice at 2nd, 6-4 (Groundball, 6)
Pitching: RHP Ernesto Beltrán
Batting: RHB Juan Rodríguez 0-0: Ball
1-0: Fly out, F9 (Flyball, 9D)
Runner from 1st tags up, OUT at 2nd
Bottom of the 7th over - 0 run(s), 1 hit(s), 0 error(s), 0 left on base; Seattle 8 - Springfield 8
TOP OF THE 8TH
Seattle Pikes batting - Pitching for Springfield Stars : RHP Jorge Delgado
Pitching: RHP Ramón Vélez
Now at 3B: David García
Batting: RHB António Ortega 0-0: Ball
1-0: Foul Ball, location: 2F
1-1: Ball
2-1: Ground out 5-3 (Groundball, 56S)
Batting: RHB Alfredo Rivera 0-0: Called Strike
0-1: Fly out, F6 (Popup, 6MD)
Batting: RHB Manuel Rico 0-0: Fly out, F9 (Flyball, 9LM)
Top of the 8th over - 0 run(s), 0 hit(s), 0 error(s), 0 left on base; Seattle 8 - Springfield 8
BOTTOM OF THE 8TH
Springfield Stars batting - Pitching for Seattle Pikes : RHP Ernesto Beltrán
Pitching: RHP Jesús Mendoza
Batting: RHB Calvin Bennett 0-0: Ball
1-0: Ground out 5-3 (Groundball, 5S)
Pitching: LHP Jerry Beck
Batting: LHB Derek Davidson 0-0: Ball
1-0: Ball
2-0: Called Strike
2-1: Ball
3-1: Foul Ball, location: 2F
3-2: Foul Ball, location: 2F
3-2: Strikes out swinging
Batting: LHB Felipe Guerrero 0-0: Foul Ball, location: 2F
0-1: Ball
1-1: Foul Ball, location: 2F
1-2: Foul Ball, location: 2F
1-2: DOUBLE (Groundball, 3D)
Pitching: LHP Manny Sandoval
Batting: LHB Elliott Newell 0-0: Called Strike
0-1: Called Strike
0-2: Ball
1-2: Strikes out looking
Bottom of the 8th over - 0 run(s), 1 hit(s), 0 error(s), 1 left on base; Seattle 8 - Springfield 8
TOP OF THE 9TH
Seattle Pikes batting - Pitching for Springfield Stars : RHP Ramón Vélez
Pitching: RHP José Valdéz
Batting: LHB Chad Weaver 0-0: Reached on error, E5 (Groundball, 6S)
Pinch Hitting: LHB Sammy Marshall 0-0: Ground out 4-3 (Groundball, 34)
Chad Weaver to third
Batting: SHB António Hernández 0-0: Intentional Walk
Batting: LHB Keith Tillman 0-0: Ball
1-0: Reached on error, E4 (Groundball, 4)
Chad Weaver scores
António Hernández to second
Batting: RHB Randy Sheppard 0-0: Called Strike
0-1: Foul Ball, location: 2F
0-2: Strikes out looking
Batting: RHB Wallace Greene 0-0: Ball
1-0: Foul Ball, location: 2F
1-1: SINGLE (Groundball, 4MD)
António Hernández to third
Keith Tillman to second
Runner from 3rd tries for Home, SAFE, no throw or cutoff
Batting: RHB António Ortega 0-0: Called Strike
0-1: SINGLE (Groundball, 56D)
Keith Tillman to third
Wallace Greene to second
Runner from 3rd tries for Home, SAFE, no throw or cutoff
Batting: RHB Alfredo Rivera 0-0: Ball
1-0: Ball
2-0: Ball
3-0: Called Strike
3-1: Fielders Choice at 2nd, 5-4 (Groundball, 56)
Top of the 9th over - 3 run(s), 2 hit(s), 2 error(s), 1 left on base; Seattle 11 - Springfield 8
BOTTOM OF THE 9TH
Springfield Stars batting - Pitching for Seattle Pikes : LHP Manny Sandoval
Now at 3B: Kazushige Aoki
Batting: RHB Juan Carlos Rodríguez 0-0: Called Strike
0-1: Ball
1-1: Called Strike
1-2: Ball
2-2: Foul Ball, location: 2F
2-2: Foul Ball, location: 2F
2-2: Ball
3-2: Foul Ball, location: 2F
3-2: Fly out, F7 (Flyball, 78M)
Batting: SHB Shane Hutchinson 0-0: Called Strike
0-1: Ball
1-1: Ball
2-1: Ball
3-1: Base on Balls
Batting: RHB Will Sterling 0-0: Ball
1-0: Called Strike
1-1: Grounds into double play, 6-4-3 (Groundball, 6)
Bottom of the 9th over - 0 run(s), 0 hit(s), 0 error(s), 0 left on base; Seattle 11 - Springfield 8
Monday, December 5th, 2016 - OOTP Baseball 17.12 Build 75